 Dungeon Crawl Stone Soup version 0.29-a0-721-g7f417c9bbb (webtiles) character file.

Game seed: 8704625450061079366

8 ytrimaz the Shield-Bearer (level 2, -1/26 HPs)
             Began as a Meteoran Fighter on June 28, 2022.
             Succumbed to a kobold's poison
             ... on level 1 of the Dungeon.
             The game lasted 00:00:50 (144 turns).

ytrimaz the Shield-Bearer (Meteoran Fighter)         Turns: 144, Time: 00:00:50

Health: -1/26      AC:  6    Str: 17    XL:     2   Next: 29%
Magic:  3/3        EV:  9    Int:  9    God:
Gold:   7          SH:  5    Dex: 13    Spells: 1/1 levels left

rFire   . . .      SeeInvis .   a - +0 war axe
rCold   . . .      Faith    .   c - +0 buckler
rNeg    . . .      Spirit   .   b - +0 scale mail
rPois   .          Reflect  .   (no helmet)
rElec   .          Harm     .   (no cloak)
rCorr   .          Rampage  .   (no gloves)
Will    .....                   (no boots)
Stlth   ..........              (no amulet)
HPRegen 0.08/turn               (no ring)
MPRegen 0.08/turn               (no ring)

@: mighty, lethally poisoned (-1 -> -3), glowing
A: sense surroundings 1, otherworldly, glowing, explore regen
a: no special abilities


You were on level 1 of the Dungeon.
You visited 1 branch of the dungeon, and saw 1 of its levels.

You collected 7 gold pieces.

Inventory:

Hand Weapons
 a - a +0 war axe (weapon)
Armour
 b - a +0 scale mail (worn)
 c - a +0 buckler (worn)
Scrolls
 e - a scroll of fear {unknown}
 f - a scroll of enchant armour {unknown}


   Skills:
 - Level 3.2 Fighting
 + Level 3.0 Axes
 - Level 3.6 Armour
 - Level 4.0 Shields


You had one spell level left.
You didn't know any spells.
Your spell library was empty.

Dungeon Overview and Level Annotations

Branches:
Dungeon (1/15) Zot: 447

Altars:


Innate Abilities, Weirdness & Mutations

You passively map a small area around you.
You are easily found by Zot.
You glow in the dark.
You regain HP and MP as you explore.


Message History

You feel very sick. The goblin hits you but does no damage.
Your Axes skill increases to level 3!
You feel sick. You block the goblin's attack.
Things that are here:
a +2 whip of venom; a kobold corpse Unknown command.
You closely miss the goblin.
You feel sick. The goblin hits you but does no damage.
You miss the goblin. You hit the endoplasm but do no damage.
You feel sick. The endoplasm freezes you.
You are frozen.
You block the goblin's attack.
Unknown command.
You hit the endoplasm.
The endoplasm is moderately wounded.
You hit the hobgoblin but do no damage. You barely miss the goblin.
You feel sick.
A hobgoblin comes into view.
The endoplasm hits you.
The goblin hits you with a +0 dagger of electrocution.
* * * LOW HITPOINT WARNING * * *
The hobgoblin hits you but does no damage.
The endoplasm hits you but does no damage.
The hobgoblin hits you.
* * * LOW HITPOINT WARNING * * *
You block the goblin's attack.
You feel very mighty all of a sudden.
* * * LOW HITPOINT WARNING * * *
You feel sick. The endoplasm freezes you.
You are frozen.
* * * LOW HITPOINT WARNING * * *
You block the hobgoblin's attack. The goblin closely misses you.
You completely miss the endoplasm.
The endoplasm is moderately wounded.
You slash the hobgoblin!
You kill the hobgoblin!
You slash the goblin!
You kill the goblin!
You die...

.####..#** ## ##.#######
#.##.##,**** #. ..##..#
.####.# #. ..#.## .##..##, *
##.######.#.# ....#### * ,..
...##.#)# .####..##.##
#[###.##...# ##
#....##.#....##..:......#...##
######### #....##..........#
** ** * #...@.............# ,
,, ,,,#..†J)............# , ,
,.............).......# , ,
,,, ........:#..........## ,
.....>..)##...##...## ,
..g.####...##..##### ....*
#... ##.# , .!., .... .. ,


You could see an endoplasm and a hobgoblin.

Vanquished Creatures
  A dart slug (D:1)
  A giant cockroach (D:1)
  A goblin (D:1)
  A hobgoblin (D:1)
  2 kobolds (D:1)
  2 ball pythons (D:1)
8 creatures vanquished.

Notes
Turn   | Place    | Note
-------+----------+-------------------------------------------
     0 | D:1      | ytrimaz the Meteoran Fighter began the quest for the Orb.
     0 | D:1      | Reached XP level 1. HP: 19/19 MP: 2/2
   129 | D:1      | Reached skill level 4 in Shields
   129 | D:1      | Reached XP level 2. HP: 24/26 MP: 3/3
   143 | D:1      | HP: 1/26 [frozen (1)]
   144 | D:1      | Succumbed to a kobold's poison

Illustrated notes

Levels and vault maps discovered:
D:1:      dpeg_arrival_signposts, layout_rooms

Skill      XL: |  1  2 |
---------------+-------+-----
Shields        | 4 |  4.0
Axes           | 3 |  3.0
Fighting       | |  3.2
Armour         | |  3.6

Action                   || total
-------------------------++-------
Melee: War axe           ||    21
  Use: Potion            ||     1
Armor: Scale mail        ||    12
Dodge: Dodged            ||     5
Block: Buckler           ||     8

Table legend: (Time is in decaauts)
 A = Elapsed time spent in this place.
 B = Non-inter-level travel time spent in this place.
 C = Inter-level travel time spent in this place.
 D = Time resting spent in this place.
 E = Time spent auto-exploring this place.
 F = Levels seen in this place.
 G = Mean time per level.
                   A        B        C        D        E       F      G
               +--------+--------+--------+--------+--------+-----+--------+
         Total |    152 |    152 |      0 |      0 |     71 |   1 |  152.0 |
       Dungeon |    152 |    152 |      0 |      0 |     71 |   1 |  152.0 |
               +--------+--------+--------+--------+--------+-----+--------+

Top non-repeatable levels by time:
     D:1: 152 daAuts
